 Dungeon Crawl Stone Soup version 0.15-a0-183-gc0cdb55 (webtiles) character file.

1474 PolkaDot the Jinx (level 8, -8/52 HPs)
             Began as a Vampire Enchanter on Apr 19, 2014.
             Mangled by a troll (11 damage)
             ... on Level 6 of the Dungeon.
             The game lasted 00:21:22 (4484 turns).

PolkaDot the Jinx (Vampire Enchanter)               Turns: 4484, Time: 00:21:22

HP  -8/52        AC  6     Str  7      XL: 8   Next: 22%
MP   5/13        EV 13     Int 17      God:
Gold 257         SH  0     Dex 16      Spells:  4 memorised,  3 levels left

rFire  + . .     SeeInvis +     a - +3,+5 dagger (drain)
rCold  . . .     Clarity  .     b - +1 robe
rNeg   . . .     Conserve .     (no shield)
rPois  +         rCorr    .     (no helmet)
rElec  .         rRot     .     h - +2 cloak {rPois}
SustAb . .       Spirit   .     (no gloves)
rMut   .         Warding  .     (no boots)
Saprov . . .     Stasis   +     v - amulet of stasis
MR     .....                    q - ring of protection from fire
                                s - cursed ring of hunger

@: regenerating quickly, not resistant to hostile enchantments, very stealthy
A: bottle blood, fangs 3, see invisible, unbreathing
a: Bottle Blood


You were on level 6 of the Dungeon.
You were very full.

You visited 1 branch of the dungeon, and saw 6 of its levels.

You collected 257 gold pieces.

Inventory:

Hand weapons
 a - a +3,+5 dagger of draining (weapon)
Missiles
 d - 12 darts (quivered)
Armour
 b - a +1 robe (worn)
 h - a +2 cloak of poison resistance (worn)
Magical devices
 e - a wand of polymorph (23)
 n - a wand of confusion (0)
 p - a wand of polymorph (9)
Scrolls
 g - 2 scrolls of fog
 i - 3 scrolls of teleportation
 j - a scroll of fear
 l - 3 scrolls of remove curse
 t - a scroll of immolation {unknown}
Jewellery
 f - an uncursed ring of flight
 q - a ring of protection from fire (right hand)
 s - a cursed ring of hunger (left hand)
 v - an amulet of stasis (around neck)
Potions
 k - a potion of flight
 m - 2 potions of curing
 r - a potion of poison {!q}
Books
 c - a book of Maledictions

   Spells                             Type                      Level
   *Corona                            Hexes                        1
   *Sure Blade                        Hexes/Charms                 2
   *Ensorcelled Hibernation           Hexes/Ice                    2
   *Confuse                           Hexes                        3
   Dazzling Spray                     Conjuration/Hexes            3
   Enslavement                        Hexes                        4
 o - a Necronomicon {highlevel, unknown}

   This book is beyond your current level of understanding.

   Spells                             Type                      Level
   Haunt                              Necromancy/Summoning         7
   Borgnjor's Revivification          Necromancy                   8
   Death's Door                       Charms/Necromancy            8
   Necromutation                      Transmutation/Necromancy     8


   Skills:
 + Level 5.2 Short Blades
 - Level 0.7 Throwing
 - Level 2.1 Dodging
 + Level 8.3 Stealth
 - Level 2.0 Spellcasting
 * Level 10.8 Hexes


You had 3 spell levels left.
You knew the following spells:

 Your Spells              Type           Power        Failure   Level  Hunger
a - Corona                Hex            #####..      1%          1    #......
b - Sure Blade            Hex/Chrm       ###.......   3%          2    ###....
c - Confuse               Hex            #####...     1%          3    ####...
d - Ensorcelled Hibernat  Hex/Ice        ###...       3%          2    ###....


Dungeon Overview and Level Annotations

Branches:
Dungeon (6/15)
 Temple: D:4-7

Altars:
Kikubaaqudgha
Trog
Xom

Shops:
D:4 !

Annotations:
D:6 Prince Ribbit


Innate Abilities, Weirdness & Mutations

Your natural rate of healing is unusually fast.
You can bottle blood from corpses.
You have razor-sharp teeth.*
You have supernaturally acute eyesight.
You can survive without breathing.*


Message History

Casting: Ensorcelled Hibernation
Confirm with . or Enter, or press ? or * to list all spells.
Aiming: Ensorcelled Hibernation
Press: ? - help, Shift-Dir - straight line, f - troll, p - Prince Ribbit
Aim: a troll The troll resists.
* * * LOW MAGIC WARNING * * *
The adder bites you but does no damage. Prince Ribbit barely misses you.
The troll bites you but does no damage. The troll claws you!
* * * LOW HITPOINT WARNING * * *
The troll claws you.
* * * LOW HITPOINT WARNING * * *
The adder barely misses you.
Read which item? (? for menu, Esc to quit)
You are wearing:
v - an amulet of stasis (around neck)
As you read the scroll of blinking, it crumbles to dust.
You feel a strange sense of stasis.
Prince Ribbit hits you but does no damage.
The troll bites you!
You die...

.................................
.................................
.................................
..................#..............
.................###.............
.................(#.............
............................
.................F.......
............#...@T.......
.....#.....###.S.........
....###.....#...........
.....#...$..............
........................
.......................
......................
.....................
....................


You could see Prince Ribbit, a troll and an adder.

Vanquished Creatures
  Grinder (D:3)
  An ice beast (D:6)
  Blork the orc (D:6)
  A scorpion (D:5)
  3 giant frogs
  2 centaurs
  A jelly (D:6)
  Crazy Yiuf (D:3)
  3 iguanas (D:5)
  A gnoll shaman (D:5)
  2 worker ants
  An ogre (D:3)
  An orc wizard (D:3)
  Jessica (D:2)
  2 orc priests (D:3)
  6 adders
  Terence (D:3)
  5 gnolls (D:5)
  2 shadow imps
  A giant mite (D:1)
  3 worms
  An orc zombie (D:6)
  6 giant geckos
  4 orcs (D:3)
  9 bats
  A bat skeleton (D:6)
  6 giant cockroaches
  6 goblins
  12 hobgoblins
  9 jackals
  10 kobolds
  6 quokkas
  2 ball pythons (D:1)
  2 giant eyeballs
  6 giant newts
  An orc skeleton (D:5)
  13 rats
134 creatures vanquished.

Vanquished Creatures (others)
  A human (D:3)
1 creature vanquished.

Grand Total: 135 creatures vanquished

Notes
Turn   | Place    | Note
--------------------------------------------------------------
     0 | D:1      | PolkaDot, the Vampire Enchanter, began the quest for the Orb.
     0 | D:1      | Reached XP level 1. HP: 13/13 MP: 3/3
   144 | D:1      | Reached XP level 2. HP: 7/19 MP: 4/4
   151 | D:1      | Learned a level 2 spell: Ensorcelled Hibernation
   217 | D:1      | Reached skill level 5 in Hexes
   591 | D:1      | Reached XP level 3. HP: 15/24 MP: 6/6
  1232 | D:2      | Noticed Jessica
  1248 | D:2      | Killed Jessica
  1248 | D:2      | Reached skill level 6 in Hexes
  1248 | D:2      | Reached XP level 4. HP: 13/30 MP: 7/7
  1738 | D:3      | Noticed Crazy Yiuf
  1744 | D:3      | Killed Crazy Yiuf
  1744 | D:3      | Reached skill level 5 in Stealth
  1744 | D:3      | Reached XP level 5. HP: 35/35 MP: 9/9
  1761 | D:3      | Noticed Grinder
  1773 | D:3      | Noticed Terence
  1774 | D:3      | Killed Grinder
  1774 | D:3      | Reached skill level 8 in Hexes
  1774 | D:3      | Reached XP level 6. HP: 41/41 MP: 10/10
  1796 | D:3      | Killed Terence
  1860 | D:3      | Learned a level 3 spell: Confuse
  1863 | D:3      | Learned a level 2 spell: Sure Blade
  1915 | D:3      | Noticed an ogre
  1929 | D:3      | Killed an ogre
  2307 | D:3      | Found an ancient bone altar of Kikubaaqudgha.
  2308 | D:3      | Noticed a human
  2311 | D:3      | Killed a human
  2534 | D:4      | Paralysed by a giant eyeball for 4 turns
  2707 | D:4      | Found Eshar's Distillery.
  2912 | D:5      | Entered Level 5 of the Dungeon
  3045 | D:5      | Reached XP level 7. HP: 30/46 MP: 3/12
  3369 | D:5      | Noticed a moth of wrath
  3371 | D:5      | Found a bloodstained altar of Trog.
  3467 | D:5      | Found a shimmering altar of Xom.
  3472 | D:5      | Reached skill level 9 in Hexes
  3906 | D:6      | Noticed a troll
  4030 | D:6      | Reached skill level 10 in Hexes
  4174 | D:6      | Reached XP level 8. HP: 52/52 MP: 13/13
  4259 | D:6      | Noticed Blork the orc
  4274 | D:6      | Killed Blork the orc
  4274 | D:6      | Reached skill level 5 in Short Blades
  4471 | D:6      | Noticed Prince Ribbit
  4484 | D:6      | Mangled by a troll

Action                   |  1- 3 |  4- 6 |  7- 9 || total
-------------------------+-------+-------+-------++-------
Melee: Dagger            |   180 |   104 |   119 ||   403
 Cast: Ensorcelled Hiber |     8 |    10 |    32 ||    50
       Confuse           |       |       |     3 ||     3
Evoke: Wand              |       |     1 |       ||     1
  Use: Potion            |     2 |       |     7 ||     9
       Scroll            |       |     7 |     4 ||    11
 Stab: Sleeping          |     8 |    19 |    22 ||    49
       Confused          |       |       |     1 ||     1
